 Dungeon Crawl Stone Soup version 0.26-a0-67-g850bfe61e3 (webtiles) character file.

Game seed: 14985912991873117586

12595 Gwenloh the Thaumaturge (level 11, -7/86 HPs)
             Began as a Gnoll Warper on June 12, 2020.
             Was a Priest of Cheibriados.
             Mangled by a yak (15 damage)
             ... on level 2 of the Lair of Beasts on June 13, 2020.
             The game lasted 01:11:41 (12345 turns).

Gwenloh the Thaumaturge (Gnoll Warper)             Turns: 12345, Time: 01:11:42

Health: -7/86      AC:  9    Str: 22    XL:     11   Next: 95%
Magic:  26/32      EV: 19    Int: 26    God:    Cheibriados [***...]
Gold:   636        SH: 10    Dex: 23    Spells: 15/26 levels left

rFire    + . .     SeeInvis +   a - +3 dagger (venom)
rCold    + . .     Gourm    .   B - +3 buckler
rNeg     . . .     Faith    .   W - +2 robe {rC+}
rPois    +         Spirit   .   c - +1 helmet
rElec    .         Reflect  .   C - +0 cloak {rPois}
rCorr    .         Harm     .   m - +0 pair of gloves "Yzxemuph" {rF+ SInv}
MR       .....                  (no boots)
Stlth    +++++.....             l - amulet of regeneration
HPRegen  0.64/turn              Y - ring of magical power
MPRegen  0.23/turn              T - ring of stealth

@: very slow
A: distributed training, fangs 1, strong nose
a: Bend Time, Temporal Distortion, Renounce Religion


You were on level 2 of the Lair of Beasts.
You worshipped Cheibriados.
Cheibriados was most pleased with you.
You were not hungry.

You visited 3 branches of the dungeon, and saw 12 of its levels.

You collected 636 gold pieces.

Inventory:

Hand Weapons
 a - a +3 dagger of venom (weapon)
 b - a +3 hunting sling
 V - a +3 flail
Missiles
 n - 323 stones
 t - 6 boomerangs
 E - 95 poisoned darts (quivered)
 K - 94 arrows
 M - 7 javelins
 P - 108 sling bullets
 Q - 38 bolts
Armour
 c - a +1 helmet (worn)
 d - a +1 leather armour of fire resistance
 m - the +0 pair of gloves "Yzxemuph" (worn) {rF+ SInv}
   (You found it on level 1 of the Lair of Beasts)

   It protects you from fire.
   It lets you see invisible.
 x - a +1 robe of the Archmagi
 y - a +0 pair of gloves
 B - a +3 buckler (worn)
 C - a +0 cloak of poison resistance (worn)
 U - a scarf of invisibility
 W - a +2 robe of cold resistance (worn)
Magical Staves
 z - an uncursed staff of earth
Jewellery
 l - an amulet of regeneration (around neck)
 L - an uncursed ring of ice
 T - a ring of stealth (right hand)
 Y - a ring of magical power (left hand)
 Z - an uncursed ring of protection from magic
Wands
 A - a wand of disintegration (11)
 S - a wand of acid (23)
Scrolls
 o - a scroll of enchant weapon
 r - 5 scrolls of remove curse
 s - 3 scrolls of fog
 D - 3 scrolls of teleportation
 F - 3 scrolls of magic mapping
 G - a scroll of fear {unknown}
 I - 2 scrolls of amnesia
 N - 2 scrolls of enchant armour
Potions
 e - a potion of cancellation {unknown}
 g - a potion of ambrosia {unknown}
 i - 3 potions of brilliance {unknown}
 j - 3 potions of heal wounds
 k - a potion of magic {unknown}
 p - 3 potions of lignification {unknown}
 q - a potion of resistance {unknown}
 w - 2 potions of haste {unknown}
 H - 2 potions of stabbing {unknown}
 J - 2 potions of might {unknown}
 O - 2 potions of curing {unknown}
 R - 2 potions of flight {unknown}
 X - 2 potions of degeneration {unknown}
Comestibles
 f - 16 rations
 h - 3 chunks of flesh


   Skills:
 + Level 8.2 Fighting
 + Level 6.6 Short Blades
 + Level 6.6 Long Blades
 + Level 6.6 Axes
 + Level 8.2 Maces & Flails
 + Level 6.6 Polearms
 + Level 6.6 Staves
 + Level 6.6 Slings
 + Level 6.6 Bows
 + Level 6.6 Crossbows
 + Level 7.2 Throwing
 + Level 7.2 Armour
 + Level 8.2 Dodging
 + Level 6.6 Stealth
 + Level 6.6 Shields
 + Level 6.6 Unarmed Combat
 + Level 8.4 Spellcasting
 + Level 5.5 Conjurations
 + Level 5.5 Hexes
 + Level 5.5 Charms
 + Level 5.5 Summonings
 + Level 5.5 Necromancy
 + Level 7.9 Translocations
 + Level 5.5 Transmutations
 + Level 5.5 Fire Magic
 + Level 5.5 Ice Magic
 + Level 5.5 Air Magic
 + Level 5.5 Earth Magic
 + Level 5.5 Poison Magic
 + Level 7.3 Invocations
 + Level 6.6 Evocations


You had 15 spell levels left.
You knew the following spells:

 Your Spells              Type           Power        Failure   Level  Hunger
a - Blink                 Tloc           N/A          1%          2    None
b - Shroud of Golubria    Chrm/Tloc      #####.       1%          2    None
c - Passage of Golubria   Tloc           N/A          1%          4    ##.....
d - Gell's Gravitas       Tloc           ######....   1%          3    None

Your spell library contained the following spells:

 Spells                   Type           Power        Failure   Level  Hunger
 Animate Skeleton         Necr           N/A          1%          1    None
 Apportation              Tloc           ######       1%          1    None
 Beastly Appendage        Tmut           #####.       1%          1    None
 Corona                   Hex            #####..      1%          1    None
 Foxfire                  Conj/Fire      ####         1%          1    None
 Summon Small Mammal      Summ           ####         1%          1    None
 Sticks to Snakes         Tmut           #####...     1%          2    None
 Confusing Touch          Hex            #####...     1%          3    None
 Conjure Flame            Conj/Fire      #####...     1%          3    None
 Inner Flame              Hex/Fire       #####...     1%          3    None
 Lesser Beckoning         Tloc           ######....   1%          3    None
 Spider Form              Tmut/Pois      #####.....   1%          3    None
 Teleport Other           Tloc           ######..     1%          3    None
 Ice Form                 Ice/Tmut       #####...     5%          4    ##.....
 Petrify                  Tmut/Erth      #####...     5%          4    ##.....
 Sticky Flame             Conj/Fire      #####...     5%          4    ##.....
 Blade Hands              Tmut           #####.....   16%         5    ####...
 Fireball                 Conj/Fire      #####.....   16%         5    ####...
 Metabolic Englaciation   Hex/Ice        #####.....   16%         5    ####...
 Yara's Violent Unravell  Hex/Tmut       #####.....   16%         5    ####...


Dungeon Overview and Level Annotations

Branches:
Dungeon (8/15)             Temple (1/1) D:4            Lair (3/6) D:8
 Shoals (0/4) Lair:2
  Snake: Lair:2-4    Spider: Lair:2-4

Altars:
Ashenzari
Cheibriados
Dithmenos
Elyvilon
Fedhas
Gozag
Hepliaklqana
Kikubaaqudgha
Makhleb
Nemelex Xobeh
Okawaru
Qazlal
Ru
Sif Muna
Trog
Uskayaw
Vehumet
Wu Jian
Xom
Zin
Beogh

Shops:
D:4 (

Annotations:
Lair:1 3 runed translucent doors, Fedex's ghost, journeyman GnWr; Pejisic's ghost, novice DDFi
Lair:3 Sonja


Innate Abilities, Weirdness & Mutations

Your experience applies equally to all skills.
You have very sharp teeth.
Your uncanny sense of smell can sniff out nearby items.


Message History

You block the yak's attack.
You hit the yak.
The yak looks as sick as possible!
The yak is almost dead.
You barely miss the yak.
The yak is almost dead.
You kill the yak!
Cheibriados thoroughly appreciates the change of pace.
Throwing (i - inventory. (/) - cycle)
E - 96 poisoned darts (quivered)
Press: ? - help, Shift-Dir - straight line, f - yak
Aim: a yak (severely wounded)
You throw a poisoned dart. The poisoned dart hits the yak!
The yak is poisoned.
The yak is severely wounded.
You hit the yak.
The yak looks as sick as possible!
The yak is severely wounded.
The yak gores you!
* * * LOW HITPOINT WARNING * * *
You hit the yak but do no damage.
The yak looks as sick as possible!
The yak is severely wounded.
The yak gores you!
You die...

### ### #@### ####.### ##Y(######
#......#######..(.P..##
##..+###≈≈≈≈≈####.....#
#...#≈≈≈#≈≈≈#≈≈≈#...>.#
##...#≈≈≈#≈)≈#≈≈≈#..P### #####
##..P.#≈≈≈#####≈≈≈#.########.P##
##...#.#####≈≈≈+####.###.#.#..##.
..#.##...#≈≈÷>≈≈≈#...............


You could see a yak (extremely poisoned).

Vanquished Creatures
  2 merfolk sirens (Lair:2)
  A black mamba (Lair:2)
  3 spiny frogs (Lair:1)
  A rime drake (Lair:3)
  2 komodo dragons
  A polar bear (Lair:2)
  8 blink frogs
  3 hippogriffs
  13 yaks
  A wyvern (Lair:3)
  3 basilisks
  A hungry ghost (D:8)
  3 water moccasins
  12 porcupines
  2 black bears (D:8)
  2 orc warriors (D:8)
  3 phantoms
  A sky beast (D:7)
  7 ogres
  A wolf (D:8)
  A centaur (D:5)
  11 crocodiles
  3 bullfrogs
  2 scorpions
  2 electric eels
  4 wights (D:7)
  5 crimson imps
  2 orc priests
  A centaur skeleton (D:6)
  2 hounds
  5 orc wizards
  Crazy Yiuf (D:3)
  2 iguanas
  3 worker ants
  A hound skeleton (D:7)
  2 worker ant zombies
  9 adders
  A shadow imp (D:8)
  An ooze (D:7)
  An adder skeleton (D:2)
  6 worms
  3 leopard geckos
  26 orcs
  4 giant cockroaches
  9 goblins
  6 hobgoblins
  3 jackals (D:1)
  7 kobolds
  3 quokkas
  5 bats
  3 frilled lizards (D:3)
  A jackal skeleton (D:4)
  7 rats
  2 butterflies (D:4)
214 creatures vanquished.

Notes
Turn   | Place    | Note
-------+----------+-------------------------------------------
     0 | D:1      | Gwenloh the Gnoll Warper began the quest for the Orb.
     0 | D:1      | Reached XP level 1. HP: 20/20 MP: 6/6
   100 | D:1      | Reached XP level 2. HP: 26/26 MP: 7/7
   104 | D:1      | Learned a level 2 spell: Blink
   107 | D:1      | Learned a level 2 spell: Shroud of Golubria
   598 | D:2      | Reached XP level 3. HP: 29/31 MP: 9/9
   764 | D:2      | Reached skill level 5 in Spellcasting
   990 | D:2      | Reached skill level 1 in Invocations
  1082 | D:2      | Reached skill level 1 in Short Blades
  1082 | D:2      | Reached skill level 1 in Long Blades
  1082 | D:2      | Reached skill level 1 in Axes
  1082 | D:2      | Reached skill level 1 in Polearms
  1082 | D:2      | Reached skill level 1 in Staves
  1082 | D:2      | Reached skill level 1 in Slings
  1082 | D:2      | Reached skill level 1 in Bows
  1082 | D:2      | Reached skill level 1 in Crossbows
  1082 | D:2      | Reached skill level 1 in Stealth
  1082 | D:2      | Reached skill level 1 in Shields
  1082 | D:2      | Reached skill level 1 in Unarmed Combat
  1082 | D:2      | Reached skill level 1 in Evocations
  1169 | D:2      | Reached XP level 4. HP: 38/38 MP: 11/11
  1193 | D:2      | Learned a level 4 spell: Passage of Golubria
  1197 | D:2      | Learned a level 3 spell: Gell's Gravitas
  1333 | D:2      | Noticed a moth of wrath
  1336 | D:2      | Found a bloodstained altar of Trog.
  1979 | D:3      | Reached skill level 1 in Conjurations
  1979 | D:3      | Reached skill level 1 in Hexes
  1979 | D:3      | Reached skill level 1 in Charms
  1979 | D:3      | Reached skill level 1 in Summonings
  1979 | D:3      | Reached skill level 1 in Necromancy
  1979 | D:3      | Reached skill level 1 in Transmutations
  1979 | D:3      | Reached skill level 1 in Fire Magic
  1979 | D:3      | Reached skill level 1 in Ice Magic
  1979 | D:3      | Reached skill level 1 in Air Magic
  1979 | D:3      | Reached skill level 1 in Earth Magic
  1979 | D:3      | Reached skill level 1 in Poison Magic
  2258 | D:3      | Found a runed translucent door.
  2259 | D:3      | Noticed Crazy Yiuf
  2505 | D:3      | Killed Crazy Yiuf
  2505 | D:3      | Reached XP level 5. HP: 25/43 MP: 10/12
  2719 | D:4      | Noticed an ogre
  2731 | D:4      | Killed an ogre
  2759 | D:4      | Found a blossoming altar of Fedhas.
  2797 | D:4      | Noticed an ogre
  2807 | D:4      | Killed an ogre
  2807 | D:4      | Reached XP level 6. HP: 34/50 MP: 11/14
  2865 | D:4      | Found Uhoxop's Weapon Emporium.
  2879 | D:4      | Found a snail-covered altar of Cheibriados.
  2946 | D:4      | Reached skill level 5 in Fighting
  2946 | D:4      | Reached skill level 5 in Maces & Flails
  2946 | D:4      | Reached skill level 5 in Dodging
  3115 | D:4      | Noticed a phantom
  3124 | D:4      | Reached XP level 7. HP: 56/56 MP: 13/15
  3367 | D:4      | Found a staircase to the Ecumenical Temple.
  3472 | Temple   | Entered the Ecumenical Temple
  3694 | D:4      | Became a worshipper of Cheibriados the Contemplative
  3814 | D:5      | Entered Level 5 of the Dungeon
  4236 | D:5      | Reached XP level 8. HP: 63/63 MP: 14/16
  4274 | D:5      | Got an ichor-stained robe
  4285 | D:5      | Identified the +1 robe of the Monkey's Uncle {rC+ MR++
                  | Str+4} (You found it on level 5 of the Dungeon)
  5150 | D:4      | Found a snail-covered altar of Cheibriados.
  5392 | D:4      | Found a blossoming altar of Fedhas.
  6617 | D:7      | Reached * piety under Cheibriados
  6936 | D:7      | Found an opulent altar of Gozag.
  7061 | D:7      | Noticed a hippogriff
  7076 | D:7      | Killed a hippogriff
  7076 | D:7      | Reached XP level 9. HP: 48/69 MP: 16/18
  7445 | D:7      | Found a shimmering blue altar of Sif Muna.
  7719 | D:8      | Found a shattered altar of Ashenzari.
  7987 | D:8      | Reached skill level 5 in Throwing
  7987 | D:8      | Reached skill level 5 in Armour
  8086 | D:8      | Found a staircase to the Lair.
  8486 | D:8      | Found a sacrificial altar of Ru.
  8538 | D:8      | Reached skill level 5 in Invocations
  8621 | D:8      | Reached XP level 10. HP: 77/77 MP: 20/20
  8737 | D:8      | Found an iron altar of Okawaru.
  8766 | D:8      | Found a hazy altar of Hepliaklqana.
  8965 | D:8      | Found a runed translucent door.
  9038 | D:8      | Found a blossoming altar of Fedhas.
  9308 | D:8      | Reached ** piety under Cheibriados
  9624 | D:8      | Found a roughly hewn altar of Beogh.
  9668 | Lair:1   | Entered Level 1 of the Lair of Beasts
  9699 | Lair:1   | Reached skill level 5 in Short Blades
  9699 | Lair:1   | Reached skill level 5 in Long Blades
  9699 | Lair:1   | Reached skill level 5 in Axes
  9699 | Lair:1   | Reached skill level 5 in Polearms
  9699 | Lair:1   | Reached skill level 5 in Staves
  9699 | Lair:1   | Reached skill level 5 in Slings
  9699 | Lair:1   | Reached skill level 5 in Bows
  9699 | Lair:1   | Reached skill level 5 in Crossbows
  9699 | Lair:1   | Reached skill level 5 in Stealth
  9699 | Lair:1   | Reached skill level 5 in Shields
  9699 | Lair:1   | Reached skill level 5 in Unarmed Combat
  9699 | Lair:1   | Reached skill level 5 in Evocations
  9781 | Lair:1   | Found a runed translucent gate.
  9928 | Lair:1   | Found a runed translucent gate.
  9928 | Lair:1   | Found a runed translucent gate.
 10163 | Lair:1   | Noticed a spiny frog
 10170 | Lair:1   | Killed a spiny frog
 10197 | Lair:1   | Noticed a spiny frog
 10204 | Lair:1   | Killed a spiny frog
 10282 | Lair:1   | Got a pair of twisted gloves
 10293 | Lair:1   | Identified the +0 pair of gloves "Yzxemuph" {rF+ SInv} (You
                  | found it on level 1 of the Lair of Beasts)
 10306 | Lair:1   | Noticed a spiny frog
 10339 | Lair:1   | Killed a spiny frog
 10633 | Lair:1   | Noticed Pejisic's ghost (novice DDFi)
 10634 | Lair:1   | Noticed Fedex's ghost (journeyman GnWr)
 10634 | Lair:1   | Noticed Fedex's ghost (journeyman GnWr)
 10732 | Lair:2   | Reached XP level 11. HP: 51/84 MP: 20/22
 10827 | Lair:2   | Reached *** piety under Cheibriados
 11093 | Lair:2   | Reached skill level 5 in Conjurations
 11093 | Lair:2   | Reached skill level 5 in Hexes
 11093 | Lair:2   | Reached skill level 5 in Charms
 11093 | Lair:2   | Reached skill level 5 in Summonings
 11093 | Lair:2   | Reached skill level 5 in Necromancy
 11093 | Lair:2   | Reached skill level 5 in Transmutations
 11093 | Lair:2   | Reached skill level 5 in Fire Magic
 11093 | Lair:2   | Reached skill level 5 in Ice Magic
 11093 | Lair:2   | Reached skill level 5 in Air Magic
 11093 | Lair:2   | Reached skill level 5 in Earth Magic
 11093 | Lair:2   | Reached skill level 5 in Poison Magic
 11651 | Lair:2   | Found a staircase to the Shoals.
 12256 | Lair:3   | Noticed Sonja
 12278 | Lair:3   | Reached **** piety under Cheibriados
 12311 | Lair:3   | HP: 2/86 [yak (12)]
 12345 | Lair:2   | Mangled by a yak

Illustrated notes

Levels and vault maps discovered:
D:1:      shiori_arrival_oz, layout_rooms
D:2:      layout_basic, tgw_trog, first_ration
D:3:      layout_loops_ring, uniq_crazy_yiuf_cottage
D:4:      layout_loops_ring, cheibriados_altar_1,
          minmay_temple_entry_butterflies, serial_shops, kennysheep_mini_moat,
          fedhas_ov_isle_minmay
D:5:      layout_layer_cave, st_stairs_6
D:6:      layout_layer_cave
D:7:      layout_basic, kennysheep_little_box, nicolae_overflow_crystal_walls,
          minmay_misc_feat_encased, hangedman_decor_riveting, grunt_ogre_cave
D:8:      layout_loops_ring, nicolae_ru_great_annihilating_truth,
          nicolae_overflow_hidden_temple, cheibrodos_ashenzari_chains,
          lemuel_doored_altar, old_standard_altar, minmay_lair_entry_grove,
          lightli_church_of_beogh
Temple:   grunt_temple_mini_profane
Lair:1:   layout_chaotic_city, gammafunk_ghost_cemetery,
          nicolae_quartered_pool_super, minivault_23, guppyfry_lair_drakes
Lair:2:   layout_cave_pods, elwin_shoals_entry_rooms, grunt_megastairs_3
Lair:3:   layout_big_grid, dummy_spider_entry, kennysheep_abandoned_house,
          uniq_sonja

Skill      XL: |  1  2  3  4  5  6  7  8  9 10 11 |
---------------+----------------------------------+-----
Spellcasting   | 5 6 7 8 |  8.4
Invocations    | 1 2 3 4 5 6 7 |  7.3
Short Blades   | 1 2 3 4 5 6 |  6.6
Long Blades    | 1 2 3 4 5 6 |  6.6
Axes           | 1 2 3 4 5 6 |  6.6
Polearms       | 1 2 3 4 5 6 |  6.6
Staves         | 1 2 3 4 5 6 |  6.6
Slings         | 1 2 3 4 5 6 |  6.6
Bows           | 1 2 3 4 5 6 |  6.6
Crossbows      | 1 2 3 4 5 6 |  6.6
Stealth        | 1 2 3 4 5 6 |  6.6
Shields        | 1 2 3 4 5 6 |  6.6
Unarmed Combat | 1 2 3 4 5 6 |  6.6
Evocations     | 1 2 3 4 5 6 |  6.6
Conjurations   | 1 2 3 4 5 |  5.5
Hexes          | 1 2 3 4 5 |  5.5
Charms         | 1 2 3 4 5 |  5.5
Summonings     | 1 2 3 4 5 |  5.5
Necromancy     | 1 2 3 4 5 |  5.5
Transmutations | 1 2 3 4 5 |  5.5
Fire Magic     | 1 2 3 4 5 |  5.5
Ice Magic      | 1 2 3 4 5 |  5.5
Air Magic      | 1 2 3 4 5 |  5.5
Earth Magic    | 1 2 3 4 5 |  5.5
Poison Magic   | 1 2 3 4 5 |  5.5
Throwing       | 3 4 5 6 7 |  7.2
Armour         | 3 4 5 6 7 |  7.2
Fighting       | 5 6 7 8 |  8.2
Maces & Flails | 5 6 7 8 |  8.2
Dodging        | 5 6 7 8 |  8.2
Translocations | 6 7 |  7.9

Action                   |  1- 3 |  4- 6 |  7- 9 | 10-12 || total
-------------------------+-------+-------+-------+-------++-------
Melee: Mace              |    26 |       |     8 |       ||    34
       Whip              |    14 |       |       |       ||    14
       Bite              |     6 |    10 |    48 |    75 ||   139
       Dagger            |    26 |    42 |   239 |   390 ||   697
       Quarterstaff      |       |       |    11 |       ||    11
       Flail             |       |       |    36 |    19 ||    55
       Punch             |       |       |     9 |     3 ||    12
 Fire: Hunting sling     |    30 |    74 |   129 |    44 ||   277
Throw: Boomerang         |     5 |       |    10 |    28 ||    43
       Stone             |     5 |     1 |       |       ||     6
       Dart              |       |       |     4 |    13 ||    17
 Cast: Shroud of Golubri |     2 |     7 |    27 |    29 ||    65
       Blink             |       |       |     2 |     2 ||     4
       Gell's Gravitas   |       |       |     1 |     7 ||     8
       Passage of Golubr |       |       |       |     2 ||     2
Invok: Bend Time         |       |       |     5 |     8 ||    13
       Slouch            |       |       |       |     1 ||     1
       Temporal Distorti |       |       |       |     1 ||     1
  Use: Scroll            |       |       |       |    13 ||    13
       Potion            |       |       |       |     2 ||     2
 Stab: Sleeping          |     1 |       |     4 |    16 ||    21
       Paralysed         |       |       |     1 |       ||     1
  Eat: Chunk             |     1 |     6 |    11 |     7 ||    25
       Ration            |       |       |     2 |       ||     2
Armor: Leather armour    |    17 |     8 |    22 |       ||    47
       Robe              |       |       |    38 |    49 ||    87
Dodge: Dodged            |    64 |    21 |   178 |   221 ||   484
Block: Buckler           |       |       |       |   104 ||   104

Table legend:
 A = Non-vault XP
 B = Vault XP
 C = Vault XP percentage of total XP
 D = Non-vault monster count
 E = Vault monster count
 F = Vault count percentage of total count
                 A         B        C        D         E       F
            +---------+---------+-------+---------+---------+-------
      Total |   13880 |    4113 |  22.9 |     155 |      57 |  26.9
            +---------+---------+-------+---------+---------+-------
        D:1 |      25 |       3 |  10.7 |      14 |       2 |  12.5
        D:2 |      55 |      17 |  23.6 |      13 |       5 |  27.8
        D:3 |      46 |      37 |  44.6 |      19 |       1 |   5.0
        D:4 |     772 |       0 |   0.0 |      14 |       0 |   0.0
        D:5 |     510 |       3 |   0.6 |      11 |       1 |   8.3
        D:6 |     303 |       0 |   0.0 |       8 |       0 |   0.0
        D:7 |    1017 |     121 |  10.6 |      17 |       1 |   5.6
        D:8 |     422 |    2108 |  83.3 |       8 |      41 |  83.7
     Lair:1 |    3111 |     240 |   7.2 |      15 |       2 |  11.8
     Lair:2 |    5106 |    1584 |  23.7 |      26 |       4 |  13.3
     Lair:3 |    2513 |       0 |   0.0 |      10 |       0 |   0.0
            +---------+---------+-------+---------+---------+-------
